 Dungeon Crawl Stone Soup version 0.31-a0-167-g1c394c0614 (webtiles) character file.

Game seed: 4244533837593054057

2513 CowFu the Destroyer (level 9, -2/62 HPs)
             Began as a Demigod Conjurer on June 14, 2023.
             Slain by a hornet (6 damage)
             ... on level 7 of the Dungeon.
             The game lasted 00:14:49 (8491 turns).

CowFu the Destroyer (Demigod Conjurer)              Turns: 8491, Time: 00:14:50

Health: -2/62      AC:  8    Str:  8    XL:     9   Next: 8%
Magic:  17/21      EV: 12    Int: 32    God:
Gold:   379        SH:  0    Dex: 15    Spells: 8/19 levels left

rFire   + . .        m - staff of fire
rCold   . . .        (no shield)
rNeg    . . .        a - +0 robe
rPois   +            (no helmet)
rElec   .            u - +0 cloak
rCorr   .            r - +1 pair of gloves {Dex+3}
SInv    .            i - +2 pair of boots {Stlth+}
Will    .....        (no amulet)
Stlth   +++          k - ring of poison resistance
HPRegen 0.30/turn    c - ring of wizardry
MPRegen 0.17/turn

%: wizardry (x1)
@: lethally poisoned (-2 -> -6), slowed, very slow
A: high MP 1, forlorn, divine attributes
a: no special abilities


You were on level 7 of the Dungeon.
You visited 1 branch of the dungeon, and saw 7 of its levels.
You also visited: Sewer.

You collected 379 gold pieces.

Inventory:

Armour
 a - a +0 robe (worn)
 i - a +2 pair of boots of stealth (worn)
 r - a +1 pair of gloves of dexterity (worn)
 u - a +0 cloak (worn)
Magical Staves
 m - a staff of fire (weapon)
Jewellery
 c - a ring of wizardry (right hand)
 k - a ring of poison resistance (left hand)
 o - a ring of protection from cold
 p - a +6 ring of dexterity
 t - a +6 ring of strength
Wands
 y - a wand of polymorph (1)
Scrolls
 e - 2 scrolls of vulnerability
 g - 2 scrolls of revelation
 l - 2 scrolls of brand weapon
 q - 4 scrolls of teleportation
 w - a scroll of summoning
Potions
 b - 2 potions of magic
 d - a potion of lignification
 f - a potion of cancellation {unknown}
 h - 4 potions of curing
 j - a potion of berserk rage {unknown}
 n - 2 potions of enlightenment
 s - 2 potions of brilliance {unknown}
 v - a potion of mutation {unknown}
 x - a potion of heal wounds {unknown}
 z - 2 potions of might {unknown}


   Skills:
 - Level 1.7 Dodging
 - Level 1.7 Stealth
 + Level 5.9 Spellcasting
 + Level 10.4 Conjurations


You had 8 spell levels left.
You knew the following spells:

 Your Spells              Type           Power      Damage    Failure   Level
a - Magic Dart            Conj           100%       1d8       1%          1
b - Searing Ray           Conj           100%       2d8       1%          2
c - Fulminant Prism       Conj/Hex       21%        3d12      2%          4
d - Iskenderun's Mystic   Conj/Tloc      43%        2d10      2%          4

Your spell library contained the following spells:

 Spells                   Type           Power      Damage    Failure   Level
 Apportation              Tloc           18%        N/A       1%          1
 Necrotise                Necr           36%        1d5       1%          1
 Summon Small Mammal      Summ           36%        N/A       1%          1
 Dazzling Flash           Conj/Hex       86%        N/A       1%          3
 Call Canine Familiar     Summ           9%         N/A       6%          3
 Summon Guardian Golem    Hex/Summ       9%         N/A       6%          3


Dungeon Overview and Level Annotations

Branches:
Dungeon (7/15)             Temple (0/1) D:6           Sewer (visited)


Innate Abilities, Weirdness & Mutations

You have an increased reservoir of magic. (+10% MP)
You shall have no god before yourself.
Your divine heritage dramatically boosts your attributes as you level up.


Message History

A hornet is nearby!
A hornet is nearby!
A hornet is nearby!
A hornet comes into view.
Found an escape hatch in the ceiling.
The hornet attacks as you move away! The hornet barely misses you.
The hornet stings you!
You feel yourself slow down. The hornet attacks as you move away!
The hornet stings you!
You suddenly lose the ability to move!
The hornet stings you.
You shrug off the repeated paralysis!
The hornet stings you but does no damage.
You feel yourself speed up. The hornet stings you!
The hornet barely misses you.
You can move again.
There is an open door, spattered with blood here.
Unknown command.
Casting: Searing Ray (safe; 1% risk of failure)
Confirm with . or Enter, or press ? or * to list all spells.
Aiming: Searing Ray (safe; 1% risk of failure)
Press: ? - help, Shift-Dir - straight line, f - hornet
Aim: a hornet (74% to hit)
The searing ray hits the hornet but does no damage. (Press . to maintain the ray.)
The hornet stings you.
You are poisoned.
The searing ray hits the hornet.
The hornet is lightly wounded.
You feel sick. The hornet stings you!
* * * LOW HITPOINT WARNING * * *
You feel yourself slow down. The hornet stings you.
* * * LOW HITPOINT WARNING * * *
You feel as though you will be slow longer.
The searing ray hits the hornet.
The hornet is lightly wounded.
You feel very sick. The hornet stings you!
* * * LOW HITPOINT WARNING * * *
You feel as though you will be slow longer.
The hornet stings you.
You die...

######.##.##
#.##.####.# ###
#.........# ...
####'###### ..# ##...##
..### # ##.....##
##..#.#.# #.......##
##.......#
#.........####........#
+.........@y..........<
#.........####........#
##.......## ##.#....<#
##.....## #.# ..#.#
##...## #.. ..y ##+#
#### ###


You could see a hornet.

Vanquished Creatures
  An acid dragon (D:6)
  A water moccasin (D:7)
  Edmund (D:5)
  An orc warrior (D:5)
  2 black bears (D:5)
  An ice beast (D:5)
  2 centaurs
  7 kobold brigands
  The ghost of AwFulAwFulPlayer the Grave Robber, an amateur OpWn (D:3)
  3 scorpions
  2 howler monkeys
  3 hounds
  2 jellies
  3 orc priests
  A sleepcap (D:5)
  4 iguanas
  Jessica (D:2)
  Ijyb (D:3)
  9 orc wizards
  5 adders
  A river rat (Sewer)
  A shadow imp (D:6)
  A white imp (D:5)
  8 worms
  2 dart slugs (D:3)
  25 orcs
  7 ball pythons
  2 bats (D:1)
  5 endoplasms
  7 giant cockroaches
  4 goblins
  7 hobgoblins
  3 jackals (D:1)
  5 quokkas
  4 frilled lizards
  18 kobolds
  9 rats
160 creatures vanquished.

Vanquished Creatures (others)
  3 fulminant prisms
3 creatures vanquished.

Grand Total: 163 creatures vanquished

Notes
Turn   | Place    | Note
-------+----------+-------------------------------------------
     0 | D:1      | CowFu the Demigod Conjurer began the quest for the Orb.
     0 | D:1      | Reached XP level 1. HP: 14/14 MP: 5/5
   189 | D:1      | Reached skill level 4 in Conjurations
   235 | D:1      | Reached XP level 2. HP: 18/20 MP: 0/7
   352 | D:1      | Learned a level 2 spell: Searing Ray
   710 | D:1      | You fall into a shaft and drop 1 floor!
  1056 | D:2      | Noticed Jessica
  1060 | D:2      | Killed Jessica
  1061 | D:2      | Reached XP level 3. HP: 22/26 MP: 3/8
  1296 | D:2      | Reached skill level 5 in Conjurations
  1641 | D:3      | Noticed AwFulAwFulPlayer's ghost (amateur OpWn)
  1654 | D:3      | Noticed Ijyb
  1660 | D:3      | Paralysed by Ijyb for 4 turns
  1670 | D:3      | Paralysed by Ijyb for 2 turns
  1689 | D:3      | Killed Ijyb
  1690 | D:3      | Reached XP level 4. HP: 27/33 MP: 1/9
  2500 | D:3      | Reached skill level 6 in Conjurations
  2533 | D:3      | Reached XP level 5. HP: 38/38 MP: 8/10
  2556 | D:3      | Found a runed translucent door.
  2878 | D:3      | Killed AwFulAwFulPlayer's ghost
  3360 | D:4      | Reached skill level 7 in Conjurations
  3360 | D:4      | Reached XP level 6. HP: 45/45 MP: 2/11
  4015 | D:5      | Entered Level 5 of the Dungeon
  4264 | D:5      | Reached skill level 8 in Conjurations
  4355 | D:5      | Reached XP level 7. HP: 39/50 MP: 3/12
  4513 | D:5      | Learned a level 4 spell: Fulminant Prism
  4628 | D:5      | Noticed Edmund
  5064 | D:5      | HP: 2/50 [orc warrior/+0 glaive (8)]
  5455 | D:5      | Reached skill level 9 in Conjurations
  5748 | D:5      | Killed Edmund
  5749 | D:5      | Reached XP level 8. HP: 36/57 MP: 1/16
  6272 | D:6      | Found a staircase to the Ecumenical Temple.
  6455 | D:6      | Reached skill level 5 in Spellcasting
  6571 | D:6      | Found a glowing drain.
  6576 | Sewer    | Entered a sewer
  6665 | Sewer    | Reached skill level 10 in Conjurations
  7692 | Sewer    | Learned a level 4 spell: Iskenderun's Mystic Blast
  8201 | D:7      | Reached XP level 9. HP: 62/62 MP: 13/21
  8486 | D:7      | Paralysed by a hornet for 3 turns
  8491 | D:7      | Slain by a hornet

Illustrated notes

Levels and vault maps discovered:
D:1:      dpeg_arrival_boxorama, layout_rooms, dreamdust_ecumenical_altar_grove,
          nicolae_figureground_sparkle
D:2:      layout_rooms, minmay_misc_feat_square, feat_on_display, uniq_jessica
D:3:      layout_basic, hellmonk_ghost_happy_afterlife, uniq_ijyb
D:4:      layout_loops_corners, grunt_temple_overflow_diamond
D:5:      layout_basic, dreamdust_princess_bridge, st_stairs_4, uniq_edmund
D:6:      layout_loops_cross, chequers_temple_overflow_minitemple,
          minmay_temple_entry_wispy, portal_sewer_entry_e
D:7:      layout_loops_corners

Skill      XL: |  1  2  3  4  5  6  7  8 |
---------------+-------------------------+-----
Conjurations   | 4 5 6 7 8 9 10 | 10.4
Spellcasting   | 3 5 |  5.9
Dodging        | |  1.7
Stealth        | |  1.7

Action                     |  1- 3 |  4- 6 |  7- 9 || total
---------------------------+-------+-------+-------++-------
  Melee: Club              |     1 |       |       ||     1
         Staff             |    19 |    37 |    72 ||   128
         Unarmed           |       |       |     4 ||     4
   Cast: Magic Dart        |    76 |   112 |   191 ||   379
         Searing Ray       |     1 |    10 |    37 ||    48
         Fulminant Prism   |       |       |     3 ||     3
         Iskenderun's Myst |       |       |     1 ||     1
    Use: Scroll            |       |    11 |     5 ||    16
 Armour: Robe              |     7 |    30 |    86 ||   123
  Dodge: Dodged            |    32 |    56 |   106 ||   194

Table legend: (Time is in decaauts)
 A = Elapsed time spent in this place.
 B = Non-inter-level travel time spent in this place.
 C = Inter-level travel time spent in this place.
 D = Time resting spent in this place.
 E = Time spent auto-exploring this place.
 F = Levels seen in this place.
 G = Mean time per level.
                   A        B        C        D        E       F      G
               +--------+--------+--------+--------+--------+-----+--------+
         Total |   8644 |   8538 |    106 |      0 |   6630 |   8 | 1080.5 |
       Dungeon |   7376 |   7270 |    106 |      0 |   5546 |   7 | 1053.7 |
         Sewer |   1268 |   1268 |      0 |      0 |   1084 |   1 | 1268.0 |
               +--------+--------+--------+--------+--------+-----+--------+

Top non-repeatable levels by time:
     D:5: 1983 daAuts
     D:4: 1331 daAuts
     D:3: 1268 daAuts
   Sewer: 1268 daAuts
     D:6: 933 daAuts
     D:1: 879 daAuts
     D:2: 623 daAuts
     D:7: 356 daAuts
